 Dungeon Crawl Stone Soup version 0.25-a0-10-g2fe12d4386 (webtiles) character file.

Game seed: 8082338540453450330, levelgen mode: deterministic

247 CryoSword the Grave Robber (level 5, -1/35 HPs)
             Began as a Demonspawn Necromancer on Oct 15, 2019.
             Slain by an adder skeleton (3 damage)
             ... on level 4 of the Dungeon.
             The game lasted 00:13:50 (3769 turns).

CryoSword the Grave Robber (Demonspawn Necromancer) Turns: 3769, Time: 00:13:50

Health: -1/35      AC:  2    Str:  9    XL:     5   Next: 85%
Magic:  2/9        EV: 12    Int: 17    God:
Gold:   174        SH:  0    Dex: 13    Spells: 2/10 levels left

rFire    . . .     SeeInvis .   k - +1 dagger (venom)
rCold    . . .     Gourm    .   (no shield)
rNeg     . . .     Faith    .   a - +0 robe
rPois    .         Spirit   .   (helmet restricted)
rElec    .         Reflect  .   (no cloak)
rCorr    .         Harm     .   (no gloves)
MR       .....                  (no boots)
Stlth    ++........             (no amulet)
HPRegen  1.11/turn              (no ring)
MPRegen  0.11/turn              (no ring)

@: regenerating
A: antennae 1, hooves 2
a: no special abilities


You were on level 4 of the Dungeon.
You were not hungry.

You visited 1 branch of the dungeon, and saw 4 of its levels.

You collected 174 gold pieces.

Inventory:

Hand Weapons
 k - a +1 dagger of venom (weapon)
   (You took it off a goblin on level 1 of the Dungeon)
Missiles
 i - 106 stones
 s - 9 boomerangs (quivered)
Armour
 a - a +0 robe (worn)
 q - a +0 leather armour
   (You found it on level 3 of the Dungeon)
Jewellery
 o - a +3 ring of evasion {unknown}
   (You found it on level 2 of the Dungeon)
 p - a +2 ring of strength {unknown}
   (You found it on level 2 of the Dungeon)
Wands
 t - a wand of polymorph (1)
   (You took it off a hobgoblin on level 3 of the Dungeon)
 u - a wand of paralysis (13)
   (You found it on level 3 of the Dungeon)
Scrolls
 d - 2 scrolls of immolation {unknown}
 f - 3 scrolls of teleportation {unknown}
 g - 5 scrolls of identify {unknown}
 j - 2 scrolls of amnesia {unknown}
 l - 2 scrolls of fog {unknown}
 n - 2 scrolls of magic mapping {unknown}
 w - a scroll of noise {unknown}
Potions
 b - 3 potions of flight {unknown}
 e - 2 potions of heal wounds {unknown}
 h - a potion of agility {unknown}
 r - a potion of haste {unknown}
 v - a potion of brilliance {unknown}
 x - a potion of lignification {unknown}
Comestibles
 c - 6 rations {!d}
 m - a chunk of flesh


   Skills:
 - Level 1.7 Dodging
 + Level 3.3 Stealth
 + Level 3.2 Spellcasting
 * Level 6.4 Necromancy


You had 2 spell levels left.
You knew the following spells:

 Your Spells              Type           Power        Failure   Level  Hunger
a - Pain                  Necr           ###.         1%          1    None
b - Animate Skeleton      Necr           N/A          1%          1    None
c - Vampiric Draining     Necr           ###.......   3%          3    ###....
d - Regeneration          Chrm/Necr      ##........   14%         3    ###....

Your spell library contained the following spells:

 Spells                   Type           Power        Failure   Level  Hunger
 Animate Dead             Necr           N/A          12%         4    ####...


Dungeon Overview and Level Annotations

Branches:
Dungeon (4/15)             Temple (0/1) D:4

Altars:
Elyvilon


Innate Abilities, Weirdness & Mutations

You have a pair of small antennae on your head.
You have hoof-like feet.


Message History

Confirm with . or Enter, or press ? or * to list all spells.
Your skin crawls.
Your skin is crawling a little less now.
Your skin stops crawling.
w - a scroll labeled AXZIMI DUC You now have 167 gold pieces (gained 12).
x - a metallic orange potion
e - 2 lumpy black potions (gained 1)
b - 3 clear potions (gained 1)
Found a leather armour.
You start resting.
Eating one of 3 chunks of flesh.
You eat one of the 3 chunks of flesh.
This raw flesh tastes terrible.
Magic restored.
You start resting.
Eating one of 2 chunks of flesh.
You eat one of the 2 chunks of flesh.
This raw flesh tastes terrible.
HP restored.
Found a stone staircase leading down.
Found 22 stones.
You now have 174 gold pieces (gained 7).
Found a stone staircase leading down.
c - 6 rations {!d} (gained 1)
Found a staircase to the Ecumenical Temple.
You sense a monster nearby.
An adder skeleton comes into view.
You barely miss the adder skeleton.
The orc shouts! x2
You kick the adder skeleton.
The adder skeleton is lightly damaged.
The adder skeleton bites you.
You barely miss the adder skeleton. Your kick misses the adder skeleton.
The adder skeleton is lightly damaged.
The adder skeleton bites you.
You hit the adder skeleton. Your kick misses the adder skeleton.
The adder skeleton is heavily damaged.
The adder skeleton misses you.
An orc comes into view. It is wielding a +0 flail.
Casting: Regeneration (safe; 14% risk of failure)
Confirm with . or Enter, or press ? or * to list all spells.
Aiming: Pain (safe; 1% risk of failure)
Press: ? - help, Shift-Dir - straight line, f - orc
Aim: an orc, wielding a +0 hand axe and wearing a +0 leather armour (chance to defeat MR: 93%)
The orc writhes in agony!
You kill the orc!
The orc shouts!
The adder skeleton misses you.
Casting: Pain (safe; 1% risk of failure)
Confirm with . or Enter, or press ? or * to list all spells.
Aiming: Pain (safe; 1% risk of failure)
Press: ? - help, Shift-Dir - straight line, f - orc
Aim: an orc (chance to defeat MR: 93%)
The orc writhes in agony!
You kill the orc!
The adder skeleton bites you.
Casting: Pain (safe; 1% risk of failure)
Confirm with . or Enter, or press ? or * to list all spells.
Aiming: Pain (safe; 1% risk of failure)
Press: ? - help, Shift-Dir - straight line, f - orc
Aim: an orc, wielding a +0 trident and wearing a +0 chain mail (chance to defeat MR: 93%)
The orc barely resists.
The adder skeleton closely misses you. The orc misses you.
Casting: Pain (safe; 1% risk of failure)
Confirm with . or Enter, or press ? or * to list all spells.
Aiming: Pain (safe; 1% risk of failure)
Press: ? - help, Shift-Dir - straight line, f/p - orc
Aim: an orc, wielding a +0 trident and wearing a +0 chain mail (chance to defeat MR: 93%)
The orc writhes in agony.
The worker ant twitches its antennae in your direction.
The adder skeleton bites you.
The orc hits you from afar with a +0 trident.
Casting: Pain (safe; 1% risk of failure)
Confirm with . or Enter, or press ? or * to list all spells.
Aiming: Pain (safe; 1% risk of failure)
Press: ? - help, Shift-Dir - straight line, f/p - orc
Aim: an orc, wielding a +0 trident and wearing a +0 chain mail (lightly wounded, chance to defeat MR: 93%)
The orc writhes in agony.
The adder skeleton bites you but does no damage.
The orc hits you from afar with a +0 trident.
* * * LOW HITPOINT WARNING * * *
The adder skeleton bites you but does no damage.
The orc hits you from afar with a +0 trident.
* * * LOW HITPOINT WARNING * * *
The adder skeleton bites you.
* * * LOW HITPOINT WARNING * * *
The adder skeleton barely misses you. The adder skeleton misses you.
Found 14 gold pieces.
You hit the adder skeleton.
The adder skeleton is severely damaged.
The adder skeleton bites you.
* * * LOW HITPOINT WARNING * * *
Found a hunting sling.
Casting: Pain (safe; 1% risk of failure)
Confirm with . or Enter, or press ? or * to list all spells.
Your skin crawls.
The adder skeleton bites you.
* * * LOW HITPOINT WARNING * * *
The orc hits you from afar with a +0 trident.
* * * LOW HITPOINT WARNING * * *
The adder skeleton bites you.
You die...

###......# #.....
.)..........###.....
...................
.........<.# #.....
#.####.....###.....
#$## #.............
..# #.............
#.# ######........
#@# #........ #Z#
#...#.... #o#
#...#..## #o##
#....#.# #.a#
#......##
##.#######........
#.......#....#....
#.........#.##.###
#............#.#..


You could see a worker ant, 2 orcs and an adder skeleton.

Vanquished Creatures
  3 hounds
  2 worker ants (D:4)
  5 adders
  An ooze (D:2)
  A dart slug (D:3)
  3 leopard geckos
  5 orcs
  A ball python (D:1)
  9 bats
  2 giant cockroaches
  4 hobgoblins
  4 jackals (D:3)
  4 frilled lizards
  7 goblins
  3 kobolds (D:1)
  A leopard gecko skeleton (D:4)
  3 rats
58 creatures vanquished.

Vanquished Creatures (collateral kills)
  A leopard gecko (D:1)
  A goblin (D:1)
  A hobgoblin (D:1)
3 creatures vanquished.

Grand Total: 61 creatures vanquished

Notes
Turn   | Place    | Note
-------+----------+-------------------------------------------
     0 | D:1      | CryoSword the Demonspawn Necromancer began the quest for
                  | the Orb.
     0 | D:1      | Reached XP level 1. HP: 13/13 MP: 3/3
   314 | D:1      | Learned a level 1 spell: Animate Skeleton
   448 | D:1      | Gained mutation: You have large cloven feet. [demonic
                  | ancestry]
   448 | D:1      | Reached XP level 2. HP: 15/19 MP: 0/5
   799 | D:1      | Reached skill level 5 in Necromancy
   963 | D:1      | Reached XP level 3. HP: 23/24 MP: 6/6
  1404 | D:2      | Learned a level 3 spell: Vampiric Draining
  2098 | D:3      | Found a white marble altar of Elyvilon.
  2163 | D:3      | Gained mutation: You have a pair of small antennae on your
                  | head. [demonic ancestry]
  2163 | D:3      | Reached XP level 4. HP: 19/30 MP: 1/7
  2178 | D:3      | Learned a level 3 spell: Regeneration
  3090 | D:4      | Gained mutation: You have hoof-like feet. [demonic
                  | ancestry]
  3090 | D:4      | Reached XP level 5. HP: 17/35 MP: 7/9
  3292 | D:4      | Reached skill level 6 in Necromancy
  3744 | D:4      | Found a staircase to the Ecumenical Temple.
  3769 | D:4      | Slain by an adder skeleton

Levels and vault maps discovered:
D:1:      minmay_arrival_pointy, layout_loops_corners,
          minmay_misc_feat_diagonals
D:2:      layout_basic, nrook_uturn
D:3:      layout_loops_ring, elyvilon_altar_1, fountainhead
D:4:      layout_rooms, minmay_temple_entry_purple_smoke, first_ration,
          uniq_natasha, uniq_ijyb, uniq_edmund

Skill      XL: |  1  2  3  4  5 |
---------------+----------------+-----
Stealth        | 2 3 |  3.3
Necromancy     | 5 6 |  6.4
Spellcasting   | 3 |  3.2
Dodging        | |  1.7

Action                   |  1- 3 |  4- 6 || total
-------------------------+-------+-------++-------
Melee: Unarmed           |     9 |       ||     9
       Dagger            |    30 |    50 ||    80
       Kick              |     3 |     9 ||    12
Throw: Stone             |     1 |       ||     1
 Cast: Pain              |    44 |    29 ||    73
       Animate Skeleton  |    12 |     8 ||    20
       Regeneration      |       |     4 ||     4
 Stab: Sleeping          |     6 |       ||     6
       Distracted        |     1 |       ||     1
  Eat: Chunk             |     4 |     7 ||    11
Armor: Robe              |     7 |     7 ||    14
       Skin              |       |     6 ||     6
Dodge: Dodged            |    22 |    31 ||    53

Table legend:
 A = Non-vault XP
 B = Vault XP
 C = Vault XP percentage of total XP
 D = Non-vault monster count
 E = Vault monster count
 F = Vault count percentage of total count
                 A         B        C        D         E       F
            +---------+---------+-------+---------+---------+-------
      Total |     353 |       0 |   0.0 |      61 |       0 |   0.0
            +---------+---------+-------+---------+---------+-------
        D:1 |      43 |       0 |   0.0 |      26 |       0 |   0.0
        D:2 |      46 |       0 |   0.0 |      10 |       0 |   0.0
        D:3 |     110 |       0 |   0.0 |      18 |       0 |   0.0
        D:4 |     154 |       0 |   0.0 |       7 |       0 |   0.0
            +---------+---------+-------+---------+---------+-------
